 Dungeon Crawl Stone Soup version 0.30.1-9-gdf580d7c3d (webtiles) character file.

Game seed: 11904858452641597341

31 safid the Chiller (level 3, -2/26 HPs)
             Began as a Merfolk Ice Elementalist on Sept 29, 2023.
             Slain by an orc
             ... wielding a +0 short sword
              (4 damage)
             ... on level 1 of the Dungeon on Oct 2, 2023.
             The game lasted 00:02:38 (955 turns).

safid the Chiller (Merfolk Ice Elementalist)         Turns: 955, Time: 00:02:38

Health: -2/26      AC:  2    Str:  8    XL:     3   Next: 22%
Magic:  2/6        EV: 12    Int: 16    God:
Gold:   48         SH:  0    Dex: 14    Spells: 6/7 levels left

rFire   . . .        c - +0 dagger
rCold   . . .        (no shield)
rNeg    . . .        a - +0 robe
rPois   .            (no helmet)
rElec   .            (no cloak)
rCorr   .            (no gloves)
SInv    .            (no boots)
Will    .....        (no amulet)
Stlth   ++           (no ring)
HPRegen 0.24/turn    (no ring)
MPRegen 0.10/turn

%: no passive effects
@: very slightly contaminated
A: (nimble swimmer 2), mertail
a: no special abilities


You were on level 1 of the Dungeon.
You visited 1 branch of the dungeon, and saw 2 of its levels.

You collected 48 gold pieces.

Inventory:

Hand Weapons
 c - a +0 dagger (weapon)
Missiles
 g - a throwing net
Armour
 a - a +0 robe (worn)
Scrolls
 d - a scroll of vulnerability {unknown}
 f - 2 scrolls of teleportation {unknown}
 h - a scroll of blinking {unknown}
Potions
 b - a potion of magic
 e - a potion of heal wounds {unknown}
 i - a potion of mutation {unknown}
 j - a potion of degeneration {unknown}


   Skills:
 + Level 1.5 Fighting
 - Level 2.6 Dodging
 - Level 2.1 Stealth
 + Level 2.5 Spellcasting
 + Level 4.8 Ice Magic


You had 6 spell levels left.
You knew the following spells:

 Your Spells              Type           Power      Damage    Failure   Level
a - Freeze                Ice            68%        1d8       2%          1

Your spell library contained the following spells:

 Spells                   Type           Power      Damage    Failure   Level
 Frozen Ramparts          Ice            34%        1d6       9%          3
 Ozocubu's Armour         Ice            17%        N/A       9%          3
 Summon Ice Beast         Ice/Summ       9%         N/A       58%         4


Dungeon Overview and Level Annotations

Branches:
Dungeon (2/15)

Altars:


Innate Abilities, Weirdness & Mutations

((You are very nimble when in or above water. (Stealth+, EV+, Speed+++)))
Your lower body shifts to a powerful aquatic tail in water.


Message History

The orc attacks as you move away! The orc closely misses you.
The rat attacks as you move away! The rat closely misses you.
The orc hits you with a +0 short sword. The orc hits you with a +0 flail.
Unknown command.
The orc attacks as you move away! The orc hits you with a +0 short sword.
The endoplasm jiggles.
The orc hits you but does no damage. The orc hits you with a +0 flail.
* * * LOW HITPOINT WARNING * * *
There is a stone staircase leading up, spattered with blood here.
Unknown command.
Unknown command.
Unknown command.
Unknown command.
The orc hits you with a +0 short sword.
* * * LOW HITPOINT WARNING * * *
The orc hits you but does no damage. The orc closely misses you.
You climb upwards.
There is a stone staircase leading down here.
Unknown command.
Unknown command.
Unknown command.
Casting: Freeze (safe; 2% risk of failure)
Confirm with . or Enter, or press ? or * to list all spells.
Aiming: Freeze (safe; 2% risk of failure)
Press: ? - help, Shift-Dir - straight line, f - orc
Aim: an orc, wielding a +0 short sword and wearing a +0 chain mail You freeze the orc!
You kill the orc!
The orc hits you but does no damage. x2
Unknown command.
Casting: Freeze (safe; 2% risk of failure)
Confirm with . or Enter, or press ? or * to list all spells.
Aiming: Freeze (safe; 2% risk of failure)
Press: ? - help, Shift-Dir - straight line, f - orc
Aim: an orc, wielding a +0 short sword You miscast Freeze.
You are very lightly contaminated with residual magic.
Nothing appears to happen.
The orc hits you but does no damage. The orc hits you with a +0 short sword.
You die...

.##.#.###.##)..####.#
.##.#.# #.##...####.#
......# #........##.#
....### #####.##.##.#
.#### #.......# .#
####.#### .######## #.#
###.....## #)# #.......#
##@# #.......# #oo#
#.......### #.##
#.........# #.#
#.#####.#.# #.#
#.#####.#.# #.#
#.......#.###############
#########.#.............#
#.........#.##........<.#


You could see 2 orcs.

Vanquished Creatures
  A gnoll (D:2)
  A dart slug (D:1)
  An orc (D:1)
  An endoplasm (D:1)
  2 goblins (D:1)
  2 hobgoblins (D:1)
  A kobold (D:1)
  A quokka (D:1)
  2 ball pythons (D:1)
  4 bats (D:1)
  A frilled lizard (D:1)
  A rat (D:1)
18 creatures vanquished.

Notes
Turn   | Place    | Note
-------+----------+-------------------------------------------
     0 | D:1      | safid the Merfolk Ice Elementalist began the quest for the
                  | Orb.
     0 | D:1      | Reached XP level 1. HP: 13/13 MP: 3/3
   249 | D:1      | Reached XP level 2. HP: 20/20 MP: 3/5
   422 | D:1      | Reached skill level 1 in Fighting
   926 | D:2      | Reached XP level 3. HP: 18/26 MP: 1/6
   952 | D:2      | HP: 1/26 [orc/+0 short sword (2)]
   955 | D:1      | Slain by an orc

Illustrated notes

Levels and vault maps discovered:
D:1:      amcnicky_arrival_blooded_trapdoor, layout_loops_cross
D:2:      layout_basic

Skill      XL: |  1  2 |
---------------+-------+-----
Fighting       | 1 |  1.5
Dodging        | |  2.6
Stealth        | |  2.1
Spellcasting   | |  2.5
Ice Magic      | |  4.8

Action                     || total
---------------------------++-------
  Melee: Unarmed           ||     5
         Dagger            ||    20
   Cast: Freeze            ||    21
   Stab: Sleeping          ||     2
 Armour: Robe              ||    19
  Dodge: Dodged            ||    44
